 Dungeon Crawl Stone Soup version 0.27-a0-732-ga892ba84f6 (webtiles) character file.

Game seed: 2391110910532364283

515 rageheart7 the Poker (level 7, -2/53 HPs)
             Began as a Demonspawn Gladiator on Mar 23, 2021.
             Slain by an ogre
             ... wielding a +0 giant club
              (6 damage)
             ... on level 5 of the Dungeon.
             The game lasted 00:04:17 (4074 turns).

rageheart7 the Poker (Demonspawn Gladiator)         Turns: 4074, Time: 00:04:17

Health: -2/53      AC:  8    Str: 16    XL:     7   Next: 0%
Magic:  7/7        EV: 12    Int: 10    God:
Gold:   107        SH:  0    Dex: 14    Spells: 6/6 levels left

rFire    x . .     SeeInvis +   a - +0 trident
rCold    + . .     Faith    .   (no shield)
rNeg     . . .     Spirit   .   b - +0 leather armour
rPois    .         Reflect  .   (helmet unavailable)
rElec    .         Harm     .   j - +1 cloak
rCorr    .         Rampage  .   (no gloves)
Will     .....                  e - +0 pair of boots
Stlth    +.........             (no amulet)
HPRegen  0.17/turn              k - ring of ice
MPRegen  0.10/turn              (no ring)

@: no status effects
A: antennae 3, yellow scales 1, powered by death 2, beak, high mp 1
a: no special abilities


You were on level 5 of the Dungeon.
You visited 1 branch of the dungeon, and saw 5 of its levels.

You collected 107 gold pieces.

Inventory:

Hand Weapons
 a - a +0 trident (weapon)
Missiles
 d - 3 throwing nets (quivered)
Armour
 b - a +0 leather armour (worn)
 c - a +0 helmet
 e - a +0 pair of boots (worn)
 j - a +1 cloak (worn)
Jewellery
 k - a ring of ice (right hand)
Scrolls
 f - 2 scrolls of amnesia {unknown}
 g - a scroll of identify
 h - a scroll of summoning
 i - a scroll of enchant weapon
 l - a scroll of enchant armour {unknown}
 o - a scroll of fog {unknown}
 q - a scroll of fear {unknown}
Potions
 m - a potion of haste
 n - a potion of mutation
 p - 2 potions of curing


   Skills:
 * Level 3.8 Fighting
 * Level 6.6 Polearms
 - Level 1.7 Throwing
 - Level 2.6 Dodging


You had 6 spell levels left.
You didn't know any spells.
Your spell library was empty.

Dungeon Overview and Level Annotations

Branches:
Dungeon (5/15)
 Temple: D:4-7

Altars:
Gozag
Uskayaw
Vehumet
Wu Jian
Xom
The Shining One

Shops:
D:1 !


Innate Abilities, Weirdness & Mutations

You have a pair of large antennae on your head. (SInv)
You are partially covered in yellow scales. (AC +2)
You regenerate health from kills.
You have a beak for a mouth.
You have an increased reservoir of magic. (+10% MP)


Message History

The ogre closely misses you.
You hit the ogre.
The ogre is moderately wounded.
The ogre barely misses you.
You barely miss the ogre.
The ogre is moderately wounded.
The hound bites you but does no damage. The ogre hits you with a +0 giant club!
The hound bites you.
You hit the ogre.
The ogre is moderately wounded.
The hound barely misses you. The ogre hits you with a +0 giant club.
You are too injured to fight recklessly!
You are too injured to fight recklessly!
You are too injured to fight recklessly!
You are too injured to fight recklessly!
You are too injured to fight recklessly!
You are too injured to fight recklessly!
You are too injured to fight recklessly!
You are too injured to fight recklessly!
You are too injured to fight recklessly!
You are too injured to fight recklessly!
You are too injured to fight recklessly!
You are too injured to fight recklessly!
You are too injured to fight recklessly!
You are too injured to fight recklessly!
You are too injured to fight recklessly!
You hit the ogre. You peck the ogre.
The ogre is heavily wounded.
A centaur skeleton comes into view.
The hound misses you.
The ogre hits you with a +0 giant club!!
* * * LOW HITPOINT WARNING * * *
You hit the ogre.
The ogre is severely wounded.
The hound barely misses you. x2; The ogre barely misses you.
You completely miss the ogre.
The ogre is severely wounded.
The hound bites you but does no damage. The hound barely misses you.
The ogre hits you with a +0 giant club.
You die...

.# .............#..
...###............# .
.................$#..
#............#.8...#
.##..................
................8....
..............)......
...>........8.8.8....
....Z..h@.........(..
........O..<..##.....
............#..# ....
...........##..# ...
..........####... ..
..........# #..# #
..........# ..#
....##..... #.# ....
.......


You could see an ogre, a hound and a centaur skeleton.

Vanquished Creatures
  A necrophage (D:4)
  An ogre (D:4)
  A centaur (D:3)
  A howler monkey (D:4)
  A bullfrog skeleton (D:4)
  An orc priest (D:4)
  An orc wizard (D:4)
  8 adders
  2 worms
  A dart slug (D:2)
  2 orcs
  4 ball pythons
  5 bats
  5 giant cockroaches
  4 goblins
  2 hobgoblins
  6 kobolds
  8 oozes
  3 quokkas
  8 frilled lizards
  4 rats
  A bush (D:1)
70 creatures vanquished.

Vanquished Creatures (others)
  A plant (D:1)
1 creature vanquished.

Grand Total: 71 creatures vanquished

Notes
Turn   | Place    | Note
-------+----------+-------------------------------------------
     0 | D:1      | rageheart7 the Demonspawn Gladiator began the quest for the
                  | Orb.
     0 | D:1      | Reached XP level 1. HP: 16/16 MP: 1/1
   186 | D:1      | Reached skill level 3 in Polearms
   272 | D:1      | Found Wietzou's Distillery.
   689 | D:2      | Gained mutation: You have a pair of small antennae on your
                  | head. [demonic ancestry]
   689 | D:2      | Reached XP level 2. HP: 22/22 MP: 2/2
   825 | D:2      | Gained mutation: You have a pair of antennae on your head.
                  | [demonic ancestry]
   825 | D:2      | Reached XP level 3. HP: 3/27 MP: 3/3
  1290 | D:2      | Found a hide-covered altar of Uskayaw.
  1298 | D:2      | Found a radiant altar of Vehumet.
  1301 | D:2      | Found a shimmering altar of Xom.
  1306 | D:2      | Reached skill level 4 in Polearms
  1309 | D:2      | Found an opulent altar of Gozag.
  1771 | D:3      | Gained mutation: You are partially covered in yellow
                  | scales. (AC +2) [demonic ancestry]
  1771 | D:3      | Reached XP level 4. HP: 32/34 MP: 4/4
  2159 | D:3      | Noticed a centaur
  2167 | D:3      | Killed a centaur
  2168 | D:3      | Reached skill level 5 in Polearms
  2168 | D:3      | Gained mutation: You regenerate a little health from kills.
                  | [demonic ancestry]
  2168 | D:3      | Reached XP level 5. HP: 30/40 MP: 5/5
  2350 | D:3      | Found an ornate altar of the Wu Jian Council.
  2839 | D:4      | Gained mutation: You have a pair of large antennae on your
                  | head. (SInv) [demonic ancestry]
  2839 | D:4      | Reached XP level 6. HP: 7/47 MP: 6/6
  3147 | D:4      | Reached skill level 6 in Polearms
  3982 | D:4      | Gained mutation: You have a beak for a mouth. [potion of
                  | mutation]
  3982 | D:4      | Gained mutation: You have an increased reservoir of magic.
                  | (+10% MP) [potion of mutation]
  4041 | D:5      | Entered Level 5 of the Dungeon
  4062 | D:5      | Gained mutation: You regenerate health from kills. [demonic
                  | ancestry]
  4062 | D:5      | Reached XP level 7. HP: 42/53 MP: 7/7
  4074 | D:5      | Slain by an ogre

Illustrated notes

Levels and vault maps discovered:
D:1:      nzn_arrival_settlement, layout_rooms, serial_forest,
          infiniplex_forest_lined_room_, infiniplex_forest_clump_small,
          infiniplex_forest_lined_3, infiniplex_forest_lined_1,
          infiniplex_forest_straight_3, infiniplex_forest_lined_1,
          infiniplex_forest_end_3, serial_shops, shop_fountains
D:2:      layout_rooms, lemuel_crystal_altar, grunt_temple_overflow_cloverleaf,
          serial_rivers, chequers_serial_rivers_micro_c,
          chequers_serial_rivers_micro_d, chequers_serial_rivers_micro_e,
          chequers_serial_rivers_small_3, chequers_serial_rivers_small_3
D:3:      layout_loops_ring, nzn_wu_jian_contemplation
D:4:      layout_basic
D:5:      layout_cave_pools, serial_column_ruins, column_ruins_circle_large,
          column_ruins_hut_water, column_ruins_open_tiny,
          column_ruins_columns_plus, column_ruins_columns_corner,
          column_ruins_grid_1, column_ruins_columns_T

Skill      XL: |  1  2  3  4  5  6 |
---------------+-------------------+-----
Polearms       | 3 4 5 6 |  6.6
Fighting       | 3 |  3.8
Throwing       | |  1.7
Dodging        | |  2.6

Action                   |  1- 3 |  4- 6 |  7- 9 || total
-------------------------+-------+-------+-------++-------
Melee: Trident           |   210 |   142 |     8 ||   360
       Peck              |       |     3 |     1 ||     4
  Use: Scroll            |       |     6 |       ||     6
       Potion            |       |     1 |       ||     1
 Stab: Sleeping          |     1 |     2 |       ||     3
Armor: Leather armour    |    26 |    34 |     2 ||    62
Dodge: Dodged            |    47 |    65 |     9 ||   121

Table legend: (Time is in decaauts)
 A = Elapsed time spent in this place.
 B = Non-inter-level travel time spent in this place.
 C = Inter-level travel time spent in this place.
 D = Time resting spent in this place.
 E = Time spent auto-exploring this place.
 F = Levels seen in this place.
 G = Mean time per level.
                   A        B        C        D        E       F      G
               +--------+--------+--------+--------+--------+-----+--------+
         Total |   4113 |   3918 |    195 |    768 |   2507 |   5 |  822.6 |
       Dungeon |   4113 |   3918 |    195 |    768 |   2507 |   5 |  822.6 |
               +--------+--------+--------+--------+--------+-----+--------+

Top non-repeatable levels by time:
     D:4: 1351 daAuts
     D:2: 1122 daAuts
     D:3: 929 daAuts
     D:1: 677 daAuts
     D:5: 31 daAuts
